 Dungeon Crawl Stone Soup version 0.28-a0-175-gb2089b6bb7 (webtiles) character file.

Game seed: 7398336572023104703

183969 Nattfarinn the Severer (level 18, -3/151 HPs)
             Began as a Barachi Summoner on Aug 17, 2021.
             Was the Champion of Cheibriados.
             Succumbed to poison
             ... while paralysed by a fenstrider witch
             ... on level 4 of the Swamp.
             The game lasted 02:29:28 (54056 turns).

Nattfarinn the Severer (Barachi Summoner)          Turns: 54056, Time: 02:29:28

Health: -3/151     AC: 26    Str: 32    XL:     18   Next: 39%
Magic:  8/32       EV:  2    Int: 36    God:    Cheibriados [******]
Gold:   3994       SH:  0    Dex: 29    Spells: 10/38 levels left

rFire   . . .      SeeInvis +   e - +9 executioner's axe (flame) {Dehydrator}
rCold   . . .      Faith    .   (shield currently unavailable)
rNeg    + . .      Spirit   .   H - +4 ring mail {rPois}
rPois   +          Reflect  .   L - +2 helmet {SInv}
rElec   .          Harm     .   n - +2 cloak
rCorr   .          Rampage  .   I - +2 pair of gloves
Will    +....                   a - +2 pair of boots
Stlth   ++........              b - amulet of the acrobat
HPRegen 0.35/turn               j - ring of positive energy
MPRegen 0.23/turn               Q - +6 ring of strength

@: paralysed, lethally poisoned (-3 -> -16), very slow
A: amphibious, slowness 1, strong legs 2, +LOS, robust 1
a: Hop, Renounce Religion, Bend Time, Temporal Distortion, Slouch, Step From
Time


You were on level 4 of the Swamp.
You worshipped Cheibriados.
Cheibriados was exalted by your worship.
You visited 6 branches of the dungeon, and saw 31 of its levels.
You also visited: Ossuary, Bailey and Gauntlet.

You collected 4303 gold pieces.
You spent 309 gold pieces at shops.

Inventory:

Hand Weapons
 e - a +9 executioner's axe of flaming (weapon) {Dehydrator}
Armour
 a - a +2 pair of boots (worn)
 g - the +4 tower shield "Opouney" {rPois Str+4}
   (You found it in a Gauntlet)

   Str:       It affects your strength (+4).
   rPois:     It protects you from poison.
 n - a +2 cloak (worn)
 s - a +10 plate armour of ponderousness
 H - a +4 ring mail of poison resistance (worn)
 I - a +2 pair of gloves (worn)
 L - a +2 helmet of see invisible (worn)
Jewellery
 b - an amulet of the acrobat (around neck)
 j - a ring of positive energy (left hand)
 l - the ring of Xom's Capriciousness {Ice Str+2}
   (You found it in a Gauntlet)

   [ring of ice]

   It enhances your ice magic.
   Str:       It affects your strength (+2).
   rF:        It makes you vulnerable to fire.
   rC:        It protects you from cold.
 y - an amulet of reflection
 E - an amulet of regeneration
 F - a ring of ice
 P - a +4 ring of evasion
 Q - a +6 ring of strength (right hand)
Wands
 c - a wand of digging (6)
 k - a wand of paralysis (6)
 w - a wand of mindburst (38)
 D - a wand of acid (22)
 O - a wand of iceblast (31)
 R - a wand of polymorph (10)
 S - a wand of flame (81)
 T - a wand of charming (10)
Scrolls
 o - 9 scrolls of fog
 r - 6 scrolls of magic mapping
 u - a scroll of blinking
 x - 3 scrolls of holy word
 B - 9 scrolls of amnesia
 C - 3 scrolls of vulnerability
 G - 4 scrolls of immolation
 J - 2 scrolls of summoning
 K - 15 scrolls of teleportation
 U - 2 scrolls of enchant weapon
 V - a scroll of silence
 X - 4 scrolls of brand weapon
 Z - a scroll of torment {unknown}
Potions
 d - 12 potions of curing
 f - 5 potions of flight
 h - a potion of invisibility {unknown}
 i - a potion of cancellation {unknown}
 m - 4 potions of might
 p - a potion of magic
 q - 4 potions of mutation
 t - 9 potions of lignification
 v - 10 potions of brilliance
 z - 5 potions of degeneration {unknown}
 A - 4 potions of heal wounds
 W - 4 potions of ambrosia
 Y - 2 potions of attraction {unknown}
Miscellaneous
 M - a lightning rod (4/4)
 N - a phantom mirror


   Skills:
 - Level 11.6 Fighting
 * Level 15.5 Axes
 - Level 13.3 Armour
 - Level 7.9 Dodging
 - Level 1.7 Stealth
 - Level 10.6 Spellcasting
 - Level 10.5 Conjurations
 - Level 14.3 Summonings
 - Level 10.0 Translocations
 - Level 7.0 Air Magic
 - Level 7.5 Earth Magic
 - Level 10.0 Invocations


You had 10 spell levels left.
You knew the following spells:

 Your Spells              Type           Power      Damage    Failure   Level
a - Summon Small Mammal   Summ           100%       N/A       0%          1
b - Call Imp              Summ           89%        N/A       0%          2
c - Call Canine Familiar  Summ           89%        N/A       1%          3
d - Summon Lightning Spi  Summ/Air       77%        N/A       1%          4
e - Iron Shot             Conj/Erth      35%        9d7       11%         6
f - Spellforged Servitor  Conj/Summ      41%        N/A       14%         7
g - Manifold Assault      Tloc           74%        N/A       1%          5

Your spell library contained the following spells:

 Spells                   Type           Power      Damage    Failure   Level
 Apportation              Tloc           100%       N/A       1%          1
 Magic Dart               Conj           100%       1d8       1%          1
 Sandblast                Erth           100%       2d20      1%          1
 Blink                    Tloc           N/A        N/A       1%          2
 Passwall                 Tmut/Erth      38%        N/A       1%          2
 Searing Ray              Conj           100%       3d7       1%          2
 Static Discharge         Conj/Air       70%        N/A       1%          2
 Gell's Gravitas          Tloc           37%        N/A       1%          3
 Lesser Beckoning         Tloc           37%        N/A       1%          3
 Mephitic Cloud           Conj/Pois/Air  57%        N/A       1%          3
 Summon Guardian Golem    Hex/Summ       63%        N/A       1%          3
 Teleport Other           Tloc           74%        N/A       1%          3
 Animate Armour           Summ/Erth      100%       N/A       1%          4
 Iskenderun's Battlesphe  Conj           77%        2d13      1%          5
 Beastly Appendage        Tmut           38%        N/A       2%          1
 Corona                   Hex            21%        N/A       2%          1
 Fulminant Prism          Conj/Hex       27%        3d14      3%          4
 Sticky Flame             Conj/Fire      55%        2d7       3%          4
 Ensorcelled Hibernation  Hex/Ice        38%        N/A       4%          2
 Wereblood                Tmut           19%        N/A       4%          2
 Freezing Cloud           Conj/Ice/Air   28%        6-21      7%          5
 Dispersal                Tloc           37%        N/A       7%          6
 Spider Form              Tmut/Pois      9%         N/A       9%          3
 Tukima's Dance           Hex            19%        N/A       9%          3
 Dispel Undead            Necr           19%        3d11      28%         4
 Alistair's Intoxication  Tmut/Pois      12%        N/A       61%         5
 Statue Form              Tmut/Erth      30%        N/A       67%         6
 Invisibility             Hex            9%         N/A       99%         6
 Simulacrum               Ice/Necr       9%         N/A       99%         6
 Polar Vortex             Ice            9%         N/A       100%        9


Dungeon Overview and Level Annotations

Branches:
Dungeon (15/15)            Temple (1/1) D:7            Lair (6/6) D:11
  Swamp (4/4) Lair:2       Spider (3/4) Lair:3        Slime (0/5) Lair:5
    Orc (2/2) D:9             Elf (0/3) Orc:2        Vaults (0/5) D:14
 Depths (0/5) D:15        Ossuary (visited)          Bailey (visited)
Gauntlet (visited)

Altars:
Ashenzari
Cheibriados
Dithmenos
Elyvilon
Fedhas
Gozag
Hepliaklqana
Kikubaaqudgha
Makhleb
Nemelex Xobeh
Okawaru
Qazlal
Ru
Sif Muna
Trog
Uskayaw
Vehumet
Wu Jian
Xom
Yredelemnul
Zin
The Shining One
Jiyva
Lugonu

Shops:
D:2 *   D:9 *   Orc:2 (=**?

Portals:
Abyss: Lair:6
Pandemonium: Orc:2

Annotations:
D:12 3 runed translucent doors, Vate's ghost, journeyman GnFi
Lair:4 2 transporters, Yxiopepn's ghost, journeyman DDFi
Swamp:4 1 runed translucent door, Biomocic's ghost, journeyman TrBe


Innate Abilities, Weirdness & Mutations

You are amphibious.
You cover ground slowly.
You can hop long distances.
You have an extended range of vision and can be seen from far away.
You are robust. (+10% HP)


Message History

You slice the fenstrider witch!! You burn the fenstrider witch!
The fenstrider witch is almost dead.
Your spellforged servitor disappears in a puff of smoke!
The fenstrider witch hits you but does no damage.
The fenstrider witch closely misses you.
The fenstrider witch hits you but does no damage.
The fenstrider witch kicks you but does no damage.
You closely miss the fenstrider witch.
The fenstrider witch is almost dead.
The fenstrider witch points at you and mumbles some strange words.
You suddenly lose the ability to move!
A shambling mangrove comes into view.
The four-headed hydra bites you but does no damage.
The four-headed hydra bites you! The four-headed hydra bites you.
The four-headed hydra bites you!
The fenstrider witch gestures at you while chanting.
Your body is wracked with pain!
The four-headed hydra bites you but does no damage. x2
The four-headed hydra bites you. The four-headed hydra bites you!
The fenstrider witch gestures at you while chanting.
The toxic sludge hits you!
You are poisoned.
You partially resist.
* * * LOW HITPOINT WARNING * * *
Floosh!
You fester in the toxic bog!
You partially resist.
You are more poisoned.
You feel sick. The fenstrider witch hits you.
* * * LOW HITPOINT WARNING * * *
The fenstrider witch kicks you but does no damage.
The four-headed hydra bites you.
* * * LOW HITPOINT WARNING * * *
The four-headed hydra bites you but does no damage.
The four-headed hydra bites you.
* * * LOW HITPOINT WARNING * * *
The four-headed hydra bites you!
* * * LOW HITPOINT WARNING * * *
You fester in the toxic bog!
You partially resist.
You are more poisoned.
You die...

..)..≈≈...##≈≈≈.#≈.##♣.♣##..#≈.≈≈
..≈...≈≈.≈#♣≈.≈≈##..##♣##.≈##≈≈.≈
......≈.≈.#.≈§≈≈♣#≈..♣#♣≈≈≈#♣≈≈§.
≈≈≈).....#≈≈..≈.≈##♣..≈≈≈♣##≈..≈.
≈.≈..≈...#≈≈♣≈.≈≈.##.≈≈..##.≈≈§♣≈
...≈..≈.≈#≈≈.≈≈.≈##♣8≈.≈≈♣##§≈≈.≈
≈..≈≈≈≈≈≈#≈.≈≈♣####♣≈.8.≈♣####♣.≈
.≈...≈.≈.#.≈♣###≈D#≈≈≈♣..§#≈≈###♣
≈...≈≈≈..#♣♣##..@Hf#♣♣♣♣♣#)≈≈..##
.≈..≈.≈..##**#####)#*****#≈#####*
...≈.....≈#♣≈≈≈Hi.≈#≈≈,≈,#.§,≈,≈≈
≈.≈≈≈.≈.≈≈#♣≈≈≈≈♣♣♣#∩,≈,∩#♣♣♣≈,≈≈
..≈≈≈....≈##♣.≈*≈≈≈≈*,≈≈*≈≈≈≈*≈,*
...≈.....≈.#♣.≈,≈≈≈**≈,,**≈≈≈,≈,*
≈≈..≈≈.≈...##*,,,,≈**,,,**≈≈,,≈**
.≈.≈≈.≈.≈..≈##*≈≈≈≈***,***≈,≈≈**
.≈≈......(.≈.##*≈,≈≈≈*∩*≈≈≈≈≈**


You could see a shambling mangrove, a four-headed hydra (strong) and a
fenstrider witch.

Vanquished Creatures
  A fenstrider witch (Swamp:4)
  An orc warlord (Orc:2)
  A very ugly thing (D:15)
  A minotaur (Gauntlet)
  An entropy weaver (Spider:2)
  3 bunyips
  A spark wasp (Swamp:4)
  The ghost of Necrophagist the Thaumaturge, a journeyman DEEE of Vehumet (D:11)
  Snorg (D:12)
  3 eleionomae
  A great orb of eyes (D:15)
  A yaktaur captain (D:14)
  A great orb of eyes (shapeshifter) (D:15)
  4 boulder beetles
  15 hydras
  9 two-headed ogres
  3 ogre magi
  3 ghost crabs
  Erica (D:11)
  7 alligators
  2 centaur warriors (D:14)
  A death knight (D:13)
  5 orc high priests (Orc:2)
  4 death yaks (Lair:4)
  A thrashing horror (Lair:6)
  A spriggan berserker (Swamp:4)
  2 soul eaters
  2 goliath frogs
  2 sixfirhies (Swamp:4)
  5 nameless horrors
  4 spriggan druids (Swamp:4)
  2 bog bodies
  2 gelid demonspawn (Orc:2)
  2 swamp dragons
  An infernal demonspawn (Orc:2)
  A wizard (D:15)
  2 phantasmal warriors (D:13)
  A harpy (shapeshifter) (D:14)
  An orb spider (Spider:3)
  10 orc sorcerers
  A deep elf archer (Orc:2)
  3 orc knights (Orc:2)
  11 wolf spiders
  A deep elf zephyrmancer (Orc:2)
  15 ugly things
  2 manticores (D:14)
  3 cyclopes
  2 will-o-the-wisps (Swamp:4)
  A moth of wrath (shapeshifter) (D:14)
  11 elephants
  3 moths of wrath
  8 black mambas
  An orange demon (Swamp:4)
  2 smoke demons (Lair:6)
  A cane toad (shapeshifter) (Lair:6)
  2 torpor snails
  2 cane toads (Lair:3)
  A komodo dragon (shapeshifter) (D:13)
  2 unseen horrors
  2 rime drakes (Lair:6)
  2 yaktaurs (D:14)
  8 demonic crawlers
  4 hellwings
  A minotaur zombie (Gauntlet)
  6 komodo dragons
  An ancient zyme (Lair:6)
  A polar bear (Lair:3)
  2 red devils (Orc:2)
  14 jumping spiders
  A tengu conjurer (D:14)
  3 trolls
  6 tyrant leeches
  12 slime creatures
  A hornet (Swamp:2)
  2 dream sheep (D:11)
  14 blink frogs
  A centaur simulacrum (D:14)
  A spriggan (Lair:6)
  11 tarantellas
  A wyvern (Lair:5)
  46 redbacks
  2 ynoxinuls (Lair:6)
  A wraith (Lair:6)
  6 basilisks
  12 vampire mosquitoes
  28 yaks
  A fire bat (Gauntlet)
  A neqoxec (Orc:2)
  A large abomination (Lair:6)
  2 chaos spawn (Swamp:4)
  8 swamp worms
  Duvessa (D:4)
  2 acid dragons
  8 water moccasins
  4 small abominations (Lair:6)
  A swamp drake (Swamp:4)
  2 hell hounds (Gauntlet)
  33 orc warriors
  A necrophage (D:8)
  8 ogres
  A wolf (Lair:1)
  3 centaurs
  4 kobold brigands (D:11)
  11 bullfrogs
  A water moccasin skeleton (D:5)
  2 wights (D:9)
  A howler monkey (D:6)
  4 electric eels
  11 centaur zombies
  4 bullfrog zombies
  3 jellies
  18 orc priests
  A gnoll shaman (D:10)
  An iguana (D:5)
  19 orc wizards
  2 killer bee zombies
  2 hound skeletons
  A mummy (Ossuary)
  A howler monkey zombie (D:10)
  3 adders
  An ufetubus (D:6)
  32 orcs
  2 endoplasms
  A goblin (D:4)
  2 hobgoblins (D:3)
  A bat (D:2)
  6 kobolds
  3 rats
585 creatures vanquished.

Vanquished Creatures (collateral kills)
  Arachne (Spider:3)
  Rupert (Orc:2)
  Kirke (Lair:4)
  A thorn hunter (Swamp:4)
  Roxanne (Swamp:1)
  A fenstrider witch (Swamp:1)
  An orc warlord (Bailey)
  A ghost moth (Spider:3)
  A reaper (Swamp:4)
  Nessos (Lair:5)
  4 bunyips
  A spark wasp (Swamp:4)
  2 eleionomae (Swamp:4)
  Josephine (Lair:6)
  8 hydras
  2 boulder beetles
  Harold (D:11)
  An ogre mage (Swamp:4)
  A catoblepas (Lair:5)
  2 alligators (Swamp:1)
  2 centaur warriors (D:14)
  6 two-headed ogres (D:15)
  2 death yaks (Lair:4)
  A tengu warrior (D:14)
  A hell hog (Gauntlet)
  A thrashing horror (Lair:6)
  An orc high priest (Orc:2)
  Sonja (Orc:2)
  6 spriggans
  A skeletal warrior (D:13)
  The ghost of Zigma the Grappler, a novice DrTm of Makhleb (D:9)
  2 goliath frogs
  2 spriggan druids
  A bog body (Swamp:4)
  2 swamp dragons
  2 orc knights
  A wizard (Swamp:4)
  Pikel (D:8)
  2 deep elf zephyrmancers (Orc:2)
  5 wolf spiders
  12 orb spiders
  2 deep elf pyromancers (D:14)
  4 orc sorcerers
  2 cyclopes
  6 elephants
  2 ugly things
  4 oklob plants
  2 will-o-the-wisps
  2 manticores (D:14)
  3 black mambas
  A cane toad (shapeshifter) (D:14)
  2 cane toads
  A rime drake (Lair:6)
  A yaktaur (D:15)
  6 komodo dragons
  3 demonic crawlers
  A tengu conjurer (D:14)
  3 trolls
  15 jumping spiders
  3 tyrant leeches
  A polar bear (Lair:3)
  Grinder (D:5)
  20 blink frogs
  Prince Ribbit (D:9)
  A hornet (shapeshifter) (Lair:6)
  6 hornets
  5 slime creatures
  A centaur simulacrum (D:14)
  21 redbacks
  Sigmund (D:6)
  4 tarantellas
  5 wraiths
  3 wyverns
  17 yaks
  2 fire bats (Gauntlet)
  2 hogs (Lair:4)
  A steam dragon (Lair:4)
  A chaos spawn (Lair:6)
  5 basilisks
  A neqoxec (Swamp:4)
  6 vampire mosquitoes
  5 swamp worms
  An acid dragon (D:10)
  A hell hound (Gauntlet)
  4 water moccasins
  8 orc warriors
  An ice beast (D:5)
  A sky beast (D:6)
  2 black bears
  2 necrophages (D:9)
  5 ogres
  A centaur (D:5)
  5 wolves
  2 phantoms
  3 kobold brigands
  3 bullfrogs
  Blork the orc (D:4)
  A wyvern zombie (Ossuary)
  Dowan (D:4)
  4 scorpions
  3 small abominations (Lair:6)
  4 wights (D:9)
  3 electric eels (Lair:2)
  5 howler monkeys
  3 bullfrog zombies
  5 centaur zombies
  11 orc priests
  A bullfrog skeleton (D:5)
  An iguana (D:7)
  8 orc wizards
  2 killer bee zombies (Ossuary)
  12 mummies
  2 howler monkey zombies
  7 gnolls
  6 adders
  A shadow imp (D:7)
  A white imp (D:6)
  An ufetubus (D:6)
  2 worms (D:2)
  2 dart slugs (D:1)
  31 orcs
  5 endoplasms
  A giant cockroach (D:1)
  6 hobgoblins
  A quokka (D:2)
  7 ball pythons
  4 bats
  4 frilled lizards
  10 goblins
  23 kobolds
  3 rats
480 creatures vanquished.

Vanquished Creatures (others)
  Nikola (Swamp:1)
  Jorgrun (Swamp:1)
  A ghost moth (Spider:3)
  A blink frog (Lair:6)
  A human (Lair:4)
  An orc warrior (Orc:2)
  An orc (Orc:2)
  A bush (Lair:4)
  14 demonic plants (Gauntlet)
  15 foxfires
  45 fungi
  80 plants
  8 withered plants
170 creatures vanquished.

Grand Total: 1235 creatures vanquished

Notes
Turn   | Place    | Note
-------+----------+-------------------------------------------
     0 | D:1      | Nattfarinn the Barachi Summoner began the quest for the
                  | Orb.
     0 | D:1      | Reached XP level 1. HP: 13/13 MP: 3/3
   108 | D:1      | Reached skill level 5 in Summonings
   306 | D:1      | Reached XP level 2. HP: 12/19 MP: 0/5
   746 | D:1      | You fall into a shaft and drop 1 floor!
   861 | D:2      | Found Esuss's General Store.
  1236 | D:1      | Reached XP level 3. HP: 24/24 MP: 1/7
  2093 | D:2      | Found a sparkling altar of Nemelex Xobeh.
  2287 | D:2      | Bought a scroll of teleportation for 39 gold pieces
  2649 | D:1      | Learned a level 2 spell: Call Imp
  2653 | D:1      | Learned a level 3 spell: Call Canine Familiar
  3631 | D:2      | Reached XP level 4. HP: 30/30 MP: 1/8
  3743 | D:2      | Found a faded altar of an unknown god.
  3894 | D:3      | Found a broken altar of Ashenzari.
  4890 | D:4      | Noticed Blork the orc
  5057 | D:4      | Noticed Dowan
  5098 | D:4      | Identified a scroll of acquirement
  5098 | D:4      | Acquired a +7 executioner's axe of electrocution
  5360 | D:4      | Learned a level 4 spell: Summon Lightning Spire
  5444 | D:4      | Noticed Duvessa
  5591 | D:4      | Killed Duvessa
  5592 | D:4      | Reached XP level 5. HP: 26/35 MP: 4/10
  5695 | D:4      | Killed Dowan
  5756 | D:4      | Noticed an ogre
  5766 | D:4      | Killed an ogre
  5767 | D:4      | Reached XP level 6. HP: 41/41 MP: 3/11
  6016 | D:4      | Killed Blork the orc
  6145 | D:5      | Entered Level 5 of the Dungeon
  6547 | D:5      | Reached XP level 7. HP: 28/46 MP: 5/12
  7109 | D:5      | Reached skill level 5 in Air Magic
  7134 | D:5      | Noticed Grinder
  7140 | D:5      | Paralysed by Grinder for 6 turns
  7150 | D:5      | Killed Grinder
  7895 | D:5      | Found a basalt altar of Yredelemnul.
  8186 | D:5      | Reached XP level 8. HP: 52/52 MP: 8/13
  8315 | D:5      | Found a glowing golden altar of the Shining One.
  8689 | D:6      | Identified the +1 robe of Quantum Leap {rC++ Int+2}
  8809 | D:6      | Found a sand-covered staircase.
  8814 | Ossuary  | Entered an ossuary
  8825 | Ossuary  | Reached skill level 1 in Fighting
  8856 | Ossuary  | Reached skill level 1 in Armour
  8926 | Ossuary  | Reached skill level 1 in Axes
  9175 | Ossuary  | Reached skill level 2 in Axes
  9688 | D:6      | Reached XP level 9. HP: 66/66 MP: 14/14
  9951 | D:6      | Noticed Sigmund
  9999 | D:6      | Killed Sigmund
 10000 | D:6      | Reached skill level 5 in Fighting
 10000 | D:6      | Reached skill level 3 in Axes
 10000 | D:6      | Reached skill level 5 in Armour
 10365 | D:6      | Found a snail-covered altar of Cheibriados.
 10373 | D:6      | Found a hazy altar of Hepliaklqana.
 10386 | D:6      | Became a worshipper of Cheibriados the Contemplative
 10416 | D:6      | Found a burning altar of Makhleb.
 11602 | D:7      | Reached * piety under Cheibriados
 12313 | D:7      | Found a staircase to the Ecumenical Temple.
 12319 | Temple   | Entered the Ecumenical Temple
 12407 | D:8      | Noticed a hornet
 12414 | D:8      | Killed a hornet
 12422 | D:8      | Acquired 581 gold pieces
 12516 | D:8      | Noticed Pikel
 12530 | D:8      | Killed Pikel
 12531 | D:8      | Reached skill level 4 in Axes
 12737 | D:8      | Found a radiant altar of Vehumet.
 13439 | D:9      | Found a runed translucent door.
 13441 | D:9      | Noticed Zigma's ghost (novice DrTm)
 13469 | D:9      | Noticed a cyan ugly thing
 13503 | D:9      | Reached ** piety under Cheibriados
 13574 | D:9      | Noticed a troll
 13577 | D:9      | Found a flagged portal.
 13588 | D:9      | Killed a troll
 13602 | Bailey   | Entered a bailey
 13814 | Bailey   | Noticed an orc warlord
 13990 | Bailey   | Reached XP level 10. HP: 80/80 MP: 10/15
 14156 | Bailey   | Found a runed translucent gate.
 14156 | Bailey   | Found a runed translucent gate.
 14156 | Bailey   | Found a runed translucent gate.
 14729 | Bailey   | Killed an orc warlord
 14730 | Bailey   | Reached skill level 5 in Axes
 14906 | Bailey   | Reached skill level 10 in Spellcasting
 14906 | Bailey   | Reached XP level 11. HP: 87/87 MP: 15/25
 14907 | Bailey   | Reached XP level 12. HP: 94/94 MP: 15/26
 14978 | D:9      | Found a stormy altar of Qazlal.
 15045 | D:9      | Reached *** piety under Cheibriados
 15128 | D:9      | Found an ornate altar of the Wu Jian Council.
 15190 | D:9      | Found Wimywkocw's Assorted Antiques.
 15450 | D:9      | Noticed Prince Ribbit
 15456 | D:9      | Killed Prince Ribbit
 15779 | D:9      | Found a staircase to the Orcish Mines.
 16099 | D:9      | Found a glowing silver altar of Zin.
 16604 | D:9      | Killed Zigma's ghost
 16763 | D:10     | Entered Level 10 of the Dungeon
 16763 | D:10     | Found a white marble altar of Elyvilon.
 16763 | D:10     | Found a shadowy altar of Dithmenos.
 16987 | D:10     | Reached **** piety under Cheibriados
 17073 | D:10     | Found a blossoming altar of Fedhas.
 17161 | D:10     | Found a shimmering altar of Xom.
 17292 | D:10     | Reached skill level 6 in Axes
 17621 | D:10     | Noticed a two-headed ogre
 17628 | D:10     | Killed a two-headed ogre
 17670 | D:10     | Found an opulent altar of Gozag.
 17833 | D:11     | Reached skill level 5 in Dodging
 17887 | D:11     | Noticed a three-headed hydra
 17891 | D:11     | Killed a two-headed hydra
 17892 | D:11     | Reached skill level 10 in Fighting
 17949 | D:11     | Noticed Erica
 18304 | D:11     | Killed Erica
 18443 | D:11     | Noticed Harold
 18455 | D:11     | Killed Harold
 18641 | D:11     | Noticed Snorg
 18715 | D:11     | Found a staircase to the Lair.
 18787 | D:11     | Found a large runed translucent door.
 18787 | D:11     | Found a large runed translucent door.
 18789 | D:11     | Noticed Necrophagist's ghost (journeyman DEEE)
 18819 | D:11     | Noticed a boulder beetle
 18843 | D:11     | Killed a boulder beetle
 19076 | Lair:1   | Entered Level 1 of the Lair of Beasts
 19117 | Lair:1   | Gained mutation: You can hop long distances. [Barachi
                  | growth]
 19117 | Lair:1   | Reached XP level 13. HP: 104/104 MP: 16/27
 19437 | Lair:1   | Reached ***** piety under Cheibriados
 19504 | Lair:1   | Reached skill level 7 in Axes
 19863 | Lair:1   | Identified the +8 trident of Conformity {vorpal, *Slow
                  | Dex+6 SInv}
 20261 | Lair:2   | Found a staircase to the Swamp.
 22272 | Lair:2   | Identified the +5 shortbow of Bankruptcy {flame, rN+}
 22620 | Lair:3   | Reached skill level 8 in Axes
 22872 | Lair:3   | Found a hole to the Spider Nest.
 23393 | Lair:3   | Reached skill level 9 in Axes
 23958 | Lair:4   | Reached ****** piety under Cheibriados
 24291 | Lair:4   | Noticed Kirke
 24512 | Lair:4   | Noticed a sphinx
 24515 | Lair:4   | Killed Kirke
 24649 | Lair:4   | Found a transporter.
 24655 | Lair:4   | Noticed Yxiopepn's ghost (journeyman DDFi)
 24750 | Lair:4   | Found a transporter.
 24943 | Lair:4   | Reached skill level 10 in Axes
 25114 | Lair:4   | Reached skill level 10 in Summonings
 25120 | Lair:4   | Reached XP level 14. HP: 80/113 MP: 28/28
 25479 | Lair:5   | Noticed Nessos
 25693 | Lair:5   | Reached skill level 11 in Axes
 26657 | Lair:5   | Found a viscous altar of Jiyva.
 26658 | Lair:5   | Found a staircase to the Slime Pits.
 26823 | Lair:5   | Killed Nessos
 26903 | Lair:6   | Entered Level 6 of the Lair of Beasts
 26903 | Lair:6   | Noticed Josephine
 27199 | Lair:6   | Reached skill level 12 in Axes
 27824 | Lair:6   | Killed Josephine
 28151 | Lair:6   | Reached skill level 13 in Axes
 29586 | Lair:6   | Found a corrupted altar of Lugonu.
 29586 | Lair:6   | Found a one-way gate to the infinite horrors of the Abyss.
 29938 | Lair:6   | Learned a level 6 spell: Iron Shot
 29946 | Lair:6   | Learned a level 7 spell: Spellforged Servitor
 30114 | D:11     | Killed Necrophagist's ghost
 30115 | D:11     | Reached XP level 15. HP: 119/119 MP: 23/29
 30154 | D:12     | Noticed Vate's ghost (journeyman GnFi)
 30305 | D:12     | Killed Snorg
 30512 | D:12     | Found a runed translucent gate.
 30512 | D:12     | Found a runed translucent gate.
 30512 | D:12     | Found a runed translucent gate.
 31833 | D:13     | Reached skill level 10 in Armour
 32482 | D:14     | Found a gate leading to a gauntlet.
 32499 | Gauntlet | Entered a Gauntlet
 32499 | Gauntlet | Found a transporter.
 32499 | Gauntlet | Found a transporter.
 32503 | Gauntlet | Found a transporter.
 32503 | Gauntlet | Found a transporter.
 32510 | Gauntlet | Found a transporter.
 32518 | Gauntlet | Found a transporter.
 32529 | Gauntlet | Found a transporter.
 32533 | Gauntlet | Found a transporter.
 32541 | Gauntlet | Found a transporter.
 32558 | Gauntlet | Found a transporter.
 32558 | Gauntlet | Found a large runed translucent door.
 32559 | Gauntlet | Found a large runed translucent door.
 32560 | Gauntlet | Found a large runed translucent door.
 32561 | Gauntlet | Found a runed translucent gate.
 32561 | Gauntlet | Found a large runed translucent door.
 32562 | Gauntlet | Found a transporter.
 32562 | Gauntlet | Found a runed translucent gate.
 32562 | Gauntlet | Found a transporter.
 32562 | Gauntlet | Found a large runed translucent door.
 32562 | Gauntlet | Found a large runed translucent door.
 32562 | Gauntlet | Found a runed translucent door.
 32563 | Gauntlet | Found a runed translucent gate.
 32563 | Gauntlet | Found a runed translucent door.
 32563 | Gauntlet | Found a large runed translucent door.
 32564 | Gauntlet | Found a large runed translucent door.
 32564 | Gauntlet | Found a large runed translucent door.
 32564 | Gauntlet | Found a large runed translucent door.
 32564 | Gauntlet | Found a large runed translucent door.
 32564 | Gauntlet | Found a large runed translucent door.
 32566 | Gauntlet | Found a transporter.
 32570 | Gauntlet | Found a large runed translucent door.
 32570 | Gauntlet | Found a large runed translucent door.
 32571 | Gauntlet | Found a large runed translucent door.
 32571 | Gauntlet | Found a large runed translucent door.
 32647 | Gauntlet | Found a transporter.
 32660 | Gauntlet | Found a transporter.
 32759 | Gauntlet | Found a transporter.
 33203 | Gauntlet | Reached skill level 1 in Invocations
 33561 | Gauntlet | Identified the +1 pair of boots "Kysch" {Rampage rN+ Will+
                  | Int-3}
 33613 | Gauntlet | Identified the ring of Xom's Capriciousness {Ice Str+2}
 33816 | Gauntlet | Identified the +5 kite shield of Fedhas's Approval {Rampage
                  | Slay+3 SInv Stlth+}
 33847 | Gauntlet | Identified the +4 tower shield "Opouney" {rPois Str+4}
 34233 | D:14     | Found a gate to the Vaults.
 34691 | D:14     | Found a glowing golden altar of the Shining One.
 34729 | D:14     | Reached skill level 5 in Invocations
 34800 | D:14     | Found a sacrificial altar of Ru.
 35516 | D:15     | Entered Level 15 of the Dungeon
 35816 | D:15     | Found a staircase to the Depths.
 36416 | D:15     | Reached XP level 16. HP: 112/126 MP: 30/30
 36557 | D:15     | Paralysed by an ogre mage for 4 turns
 37437 | Orc:1    | Entered Level 1 of the Orcish Mines
 37468 | Orc:1    | Paralysed by an orc sorcerer for 4 turns
 37613 | Orc:1    | Reached skill level 10 in Invocations
 37908 | Orc:2    | Entered Level 2 of the Orcish Mines
 37908 | Orc:2    | Noticed Rupert
 37957 | Orc:2    | Killed Rupert
 38641 | Orc:2    | Found Huletrixiu's Assorted Antiques.
 38667 | Orc:2    | Found Biohon's General Store.
 38672 | Orc:2    | Found Xixuuler's Magic Scroll Emporium.
 38957 | Orc:2    | Gained mutation: You sometimes lose the ability to read
                  | scrolls when taking damage. [a neqoxec]
 39324 | Orc:2    | Paralysed by an orc sorcerer for 7 turns
 39557 | Orc:2    | Lost mutation: You sometimes lose the ability to read
                  | scrolls when taking damage. [potion of mutation]
 39557 | Orc:2    | Gained mutation: You are robust. (+10% HP) [potion of
                  | mutation]
 39862 | Orc:2    | Found Sucebeeli's Jewellery Boutique.
 39862 | Orc:2    | Found Dimig's Antique Weapon Shop.
 39863 | Orc:2    | Found a one-way gate leading to the halls of Pandemonium.
 39965 | Orc:2    | Noticed Sonja
 39973 | Orc:2    | Killed Sonja
 40086 | Orc:2    | Found a staircase to the Elven Halls.
 40681 | Orc:2    | Bought a +2 ring mail of poison resistance for 270 gold
                  | pieces
 40933 | Spider:1 | Entered Level 1 of the Spider Nest
 42310 | Spider:1 | Reached skill level 1 in Earth Magic
 43249 | Spider:2 | Reached XP level 17. HP: 114/145 MP: 12/31
 43565 | Spider:2 | Reached skill level 5 in Earth Magic
 44406 | Spider:2 | You fall into a shaft and drop 1 floor!
 45550 | Spider:3 | Reached skill level 10 in Conjurations
 45555 | Spider:3 | Acquired 665 gold pieces
 46434 | Spider:3 | Noticed Arachne
 46453 | Spider:3 | Killed Arachne
 47111 | Swamp:1  | Entered Level 1 of the Swamp
 47129 | Swamp:1  | Learned a level 5 spell: Manifold Assault
 47274 | Swamp:1  | Noticed Nikola
 47283 | Swamp:1  | Noticed Jorgrun
 47285 | Swamp:1  | Killed Jorgrun
 47285 | Swamp:1  | Killed Nikola
 47540 | Swamp:1  | Identified Roxanne's Guide on the Rocks
 47540 | Swamp:1  | Noticed Roxanne
 48549 | Swamp:1  | Killed Roxanne
 48550 | Swamp:1  | Reached skill level 5 in Translocations
 49155 | Swamp:2  | Identified the +3 leather armour of Negation {rC+ MP+9
                  | Slay+2}
 49345 | Swamp:2  | Identified the +1 robe of Jerusaf {rPois}
 51238 | Swamp:4  | Entered Level 4 of the Swamp
 51592 | Swamp:4  | Found a runed translucent door.
 51592 | Swamp:4  | Noticed Biomocic's ghost (journeyman TrBe)
 51764 | Swamp:4  | Reached XP level 18. HP: 151/151 MP: 26/32
 51783 | Swamp:4  | Reached skill level 10 in Translocations
 51789 | Swamp:4  | Reached skill level 14 in Axes
 52990 | Swamp:4  | Reached skill level 15 in Axes
 54005 | Swamp:4  | Paralysed by an orc sorcerer for 4 turns
 54053 | Swamp:4  | Paralysed by a fenstrider witch for 6 turns
 54055 | Swamp:4  | HP: 4/151 [four-headed hydra[a spriggan druid] (8)]
 54056 | Swamp:4  | Succumbed to poison

Illustrated notes

Levels and vault maps discovered:
D:1:      minmay_arrival_four_circles, layout_loops_ring
D:2:      layout_loops_corners, serial_shops, shop_fountains,
          hellmonk_ecumenical_altar_leap_of_faith, basic_altar
D:3:      layout_loops_corners, nicolae_ashenzari_panopticon
D:4:      kennysheep_big_flooded_room, layout_basic, uniq_blork_the_orc,
          uniq_duvessa
D:5:      layout_gridville, yredelemnul_altar_generic, lemuel_doored_altar,
          uniq_grinder
D:6:      layout_loops_ring, cheibriados_altar_1,
          gammafunk_temple_overflow_statue, enter_ossuary_2, uniq_sigmund
D:7:      layout_basic, minmay_temple_entry_fiery
D:8:      layout_basic, mainiacjoe_overflow_alcove_4, uniq_pikel
D:9:      layout_roguey, nicolae_qazlal_style_of_elements, zin_academy,
          old_standard_altar, orc_0_dummy, enter_bailey_2, serial_shops, shop,
          hellmonk_ghost_happy_afterlife, serial_undead, serial_undead_c,
          serial_undead_e, serial_undead_f, serial_undead_d, uniq_prince_ribbit1
D:10:     layout_stronghold, xom_teletrap_fun, overflow_temple_1_default,
          nicolae_gozag_cash_rules_everything_around_me,
          mainiacjoe_overflow_catwalk_spiral, minmay_misc_feat_diagonals
D:11:     layout_rooms, lair_entry_dummy, ebering_ghost_disaster_area,
          hangedman_ranch, uniq_snorg, uniq_erica, uniq_harold
D:12:     layout_irregular_city, maelrawn_ghost_gauntlet_escape
D:13:     layout_loops_cross, chequers_serial_rivers_small_b
D:14:     nzn_winding_woodlands_three_and_one [nzn_winding_woodlands_5x15_pool,
          nzn_winding_woodlands_5x15_sidewinder,
          nzn_winding_woodlands_5x15_lazy_stream,
          nzn_winding_woodlands_center_lodge], layout_long_grid, david_vaults_2,
          gauntlet_entry_generic, tso_altar, st_stairs_12,
          nicolae_ru_awakened_eye
D:15:     gammafunk_enter_depths_forms, layout_loops_cross,
          minmay_misc_feat_tower, minmay_crystal_water,
          hangedman_abyss_or_decor_stagger, grunt_ministairs_8
Temple:   corrupted_temple
Lair:1:   layout_regular_city, st_stairs_10
Lair:2:   layout_cave_pods, minmay_swamp_entry_eels, minmay_lair_oklob_chamber
Lair:3:   layout_loops_ring, nicolae_spider_entry_tight_spaces,
          gammafunk_lair_bear_cave, grunt_megastairs_3
Lair:4:   layout_roguey, gammafunk_ghost_berserking_beasts, uniq_kirke
Lair:5:   layout_roguey, dpeg_slime_entry_enclosed_altar,
          eino_small_chamber_without_monster, serial_bayou_shore_a, uniq_nessos
Lair:6:   hellmonk_lair_end_abyssal_woods, layout_cave_pods, uniq_josephine
Swamp:1:  layout_basic_swamp, nicolae_swamp_bean_lake,
          infiniplex_staircase_pool, uniq_jorgrun, uniq_nikola, uniq_roxanne
Swamp:2:  layout_falls_marsh, serial_swamp_ruin, evilmike_swamp_ruin_house_6,
          evilmike_swamp_ruin_house_1, evilmike_swamp_ruin_rubble_1,
          swamp_pool1, nicolae_swamp_little_tower
Swamp:3:  layout_basic_swamp, hangedman_swamp_cone, infiniplex_staircase_pool_2
Swamp:4:  nzn_swamp_witches_coven, layout_basic_swamp,
          ebering_ghost_reflecting_pool, nicolae_swamp_catching_bugs
Spider:1: layout_spider_delve, einodemon_crawler_minivault
Spider:2: layout_spider_delve, drop_trap, nicolae_spider_stair_cavern
Spider:3: layout_spider_delve, drop_trap, nicolae_spider_moth_buddies,
          uniq_arachne
Orc:1:    layout_caves, hellmonk_bongcloud_opening
Orc:2:    pf_orc_diabolical, layout_caves, serial_shops, shop, elf_legates,
          uniq_rupert, uniq_sonja

Skill      XL: |  1  2  3  4  5  6  7  8  9 10 11 12 13 14 15 16 17 18 |
---------------+-------------------------------------------------------+-----
Summonings     | 5 6 7 8 10 12 14 | 14.3
Spellcasting   | 3 10 | 10.6
Air Magic      | 2 3 4 6 7 |  7.0
Fighting       | 4 7 8 10 11 | 11.6
Armour         | 4 7 8 10 13 | 13.3
Axes           | 2 4 5 6 10 13 15 | 15.5
Conjurations   | 9 10 | 10.5
Dodging        | 6 7 |  7.9
Invocations    | 8 10 | 10.0
Earth Magic    | 4 7 |  7.5
Translocations | 9 10 | 10.0
Stealth        | |  1.7

Action                   |  1- 3 |  4- 6 |  7- 9 | 10-12 | 13-15 | 16-18 || total
-------------------------+-------+-------+-------+-------+-------+-------++-------
Melee: Unarmed           |    24 |       |       |       |     3 |       ||    27
       Whip              |       |    13 |       |       |       |       ||    13
       Executioner's axe |       |    17 |   122 |    70 |   445 |   668 ||  1322
 Cast: Summon Small Mamm |   126 |       |     1 |       |       |       ||   127
       Call Imp          |    12 |       |       |     3 |    11 |       ||    26
       Call Canine Famil |     6 |     7 |    15 |    24 |    40 |    17 ||   109
       Summon Lightning  |       |    12 |    87 |    60 |   172 |   101 ||   432
       Spellforged Servi |       |       |       |       |       |    52 ||    52
       Manifold Assault  |       |       |       |       |       |   112 ||   112
Invok: Slouch            |       |       |       |       |       |    14 ||    14
 Abil: Hop               |     4 |     1 |    11 |     3 |     8 |     2 ||    29
  Use: Potion            |     1 |       |       |     2 |     2 |     4 ||     9
       Scroll            |       |     2 |    18 |     6 |    13 |     7 ||    46
 Stab: Sleeping          |       |     3 |     1 |       |     2 |     1 ||     7
       Distracted        |       |       |     4 |     3 |    32 |    20 ||    59
Armor: Robe              |     7 |     5 |    71 |    28 |    87 |       ||   198
       Plate armour      |       |       |       |       |   147 |   131 ||   278
       Ring mail         |       |       |       |       |       |   295 ||   295
Dodge: Dodged            |    43 |    15 |   148 |   109 |   716 |   914 ||  1945

Table legend: (Time is in decaauts)
 A = Elapsed time spent in this place.
 B = Non-inter-level travel time spent in this place.
 C = Inter-level travel time spent in this place.
 D = Time resting spent in this place.
 E = Time spent auto-exploring this place.
 F = Levels seen in this place.
 G = Mean time per level.
                   A        B        C        D        E       F      G
               +--------+--------+--------+--------+--------+-----+--------+
         Total |  78506 |  72963 |   5543 |  10912 |  51334 |  34 | 2309.0 |
       Dungeon |  30739 |  28756 |   1983 |   3358 |  21870 |  15 | 2049.3 |
        Temple |     65 |     44 |     21 |      0 |     42 |   1 |   65.0 |
          Lair |  18492 |  16797 |   1695 |   2514 |  12243 |   6 | 3082.0 |
         Swamp |   9823 |   8936 |    887 |   1945 |   6074 |   4 | 2455.8 |
   Spider Nest |   8386 |   8126 |    260 |   1542 |   5642 |   3 | 2795.3 |
  Orcish Mines |   5599 |   4906 |    693 |    820 |   3081 |   2 | 2799.5 |
       Ossuary |    949 |    949 |      0 |     94 |    575 |   1 |  949.0 |
        Bailey |   1746 |   1746 |      0 |    438 |    676 |   1 | 1746.0 |
      Gauntlet |   2704 |   2704 |      0 |    201 |   1127 |   1 | 2704.0 |
               +--------+--------+--------+--------+--------+-----+--------+

Top non-repeatable levels by time:
  Lair:6: 4706 daAuts
   Orc:2: 4136 daAuts
  Lair:2: 3961 daAuts
Spider:3: 3795 daAuts
 Swamp:4: 3461 daAuts
    D:14: 3010 daAuts
  Lair:3: 3008 daAuts
Spider:1: 2874 daAuts
Gauntlet: 2704 daAuts
  Lair:5: 2564 daAuts
     D:5: 2531 daAuts
  Lair:4: 2502 daAuts
    D:13: 2479 daAuts
    D:15: 2469 daAuts
     D:9: 2371 daAuts
